 Dungeon Crawl Stone Soup version 0.22-a0-570-g58866f5 (webtiles) character file.

1295 jamsan the Geomancer (level 8, -1/41 HPs)
             Began as a Gargoyle Earth Elementalist on June 30, 2018.
             Engulfed by a steam dragon's steam (15 damage)
             ... on level 6 of the Dungeon.
             The game lasted 00:28:18 (6071 turns).

jamsan the Geomancer (Gargoyle Earth Elementalist)  Turns: 6071, Time: 00:28:19

Health: -1/41      AC: 10    Str: 21    XL:     8   Next: 56%
Magic:  6/16       EV: 12    Int: 21    God:
Gold:   254        SH:  0    Dex: 10    Spells: 9/18 levels left

rFire    . . .     SeeInvis .   q - +5 quarterstaff (chaos)
rCold    . . .     Gourm    .   (shield currently unavailable)
rNeg     + . .     Faith    .   z - +1 robe of Vlad {Str+8} (curse)
rPois    ∞         Spirit   .   (no helmet)
rElec    +         Reflect  .   r - +1 cloak
rCorr    .         Harm     .   (no gloves)
MR       .....     Rnd*Tele +   (no boots)
Stlth    ++........             (no amulet)
HPRegen  0.13/turn              l - +4 ring of intelligence
MPRegen  0.15/turn              y - ring of teleportation (curse)

@: no status effects
A: negative energy resistance 1, electricity resistance, unbreathing,
petrification resistance, rot immunity, AC +5
a: no special abilities


You were on level 6 of the Dungeon.
You were not hungry.

You visited 1 branch of the dungeon, and saw 6 of its levels.

You collected 254 gold pieces.

Inventory:

Hand Weapons
 f - a +0 short sword
 q - a +5 quarterstaff of chaos (weapon)
Missiles
 w - 76 stones (quivered)
Armour
 b - a +2 leather armour of fire resistance
 c - a +0 robe
 r - a +1 cloak (worn)
 z - the cursed +1 robe of Vlad (worn) {Str+8}
   (You found it on level 4 of the Dungeon)

   It affects your strength (+8).
   It has a curse placed upon it.
Jewellery
 l - a +4 ring of intelligence (left hand)
 n - an uncursed ring of protection from fire
 s - a +4 ring of strength
 t - an uncursed ring of ice
 y - a cursed ring of teleportation (right hand)
 A - an uncursed ring of flight
Wands
 k - a wand of flame (27)
 x - a wand of polymorph (10)
Scrolls
 e - 2 scrolls of magic mapping
 h - 2 scrolls of enchant weapon
 j - a scroll of blinking
 m - a scroll of teleportation
 o - 2 scrolls of identify
 p - a scroll of immolation
Potions
 a - 3 potions of curing
 g - a potion of lignification {unknown}
 i - a potion of berserk rage {unknown}
 u - a potion of degeneration {unknown}
 v - a potion of magic {unknown}
Comestibles
 d - 2 rations
 B - 4 chunks of flesh


   Skills:
 + Level 0.1 Fighting
 + Level 0.1 Staves
 + Level 0.1 Armour
 + Level 1.6 Dodging
 - Level 2.1 Stealth
 + Level 5.8 Spellcasting
 + Level 5.7 Conjurations
   Level 0.7 Transmutations
 + Level 8.0 Earth Magic
 + Level 0.1 Evocations


You had 9 spell levels left.
You knew the following spells:

 Your Spells              Type           Power        Failure   Level  Hunger
a - Sandblast             Erth           #####.       1%          1    None
b - Stone Arrow           Conj/Erth      #####.       1%          3    ##.....
c - Lee's Rapid Deconstr  Erth           #####.....   10%         5    #####..

Your spell library contained the following spells:

 Spells                   Type           Power        Failure   Level  Hunger
 Magic Dart               Conj           ####         1%          1    None
 Conjure Flame            Conj/Fire      ###.....     10%         3    ##.....
 Slow                     Hex            #.......     16%         2    None
 Mephitic Cloud           Conj/Pois/Air  ##......     14%         3    ##.....
 Blink                    Tloc           N/A          16%         2    None
 Call Imp                 Summ           #.......     16%         2    None
 Passwall                 Tmut/Erth      ###.....     2%          2    None
 Petrify                  Tmut/Erth      ###.....     16%         4    ####...


Dungeon Overview and Level Annotations

Branches:
Dungeon (6/15)
 Temple: D:4-7

Altars:
Ashenzari
Kikubaaqudgha
Sif Muna
The Shining One

Annotations:
D:3 Grinder
D:5 exclusion: sky beast


Innate Abilities, Weirdness & Mutations

You are resistant to torment.
Your stone body is resilient. (AC +5)
You are immune to poison.
You resist negative energy. (rN+)
You are resistant to electric shocks. (rElec)
You can survive without breathing.
You are immune to petrification.
You are immune to rotting.


Message History

The crimson imp blinks!
The steam dragon closely misses you. The steam dragon barely misses you.
You barely miss the steam dragon.
The steam dragon is heavily wounded.
The steam dragon breathes steam at you. The ball of steam hits you!
The wight hits you from afar with a halberd of freezing.
The wight freezes you.
The crimson imp shouts, "Back with thee, thou gleeking nut-hook scavenger!"
The steam dragon barely misses you.
The steam dragon claws you but does no damage.
You closely miss the steam dragon.
The steam dragon is heavily wounded.
You are engulfed in a cloud of scalding steam.
The wight barely misses you. The steam dragon completely misses you.
The steam dragon claws you but does no damage.
You sock the steam dragon!
The steam dragon appears confused.
The steam dragon is severely wounded.
You are engulfed in a cloud of scalding steam.
You die...

...#z5...###..##..
.#.#..(..##....#.#
.#.##$..h#zD$.(#.#
.##.#####.##.z##.#
........#.###'#..#
.###.#.##.##...5h#
.###...#$..#.###z#
.....#.##.##.# #D#
.##.[.).###..###@#
.#.............#.#
.[).(.....#### #§#
.......#######.#§#
.##..............###
########..####.....#
# #..# #####.# #
#..# #.# # #..## #.#


You could see a steam dragon (confused), a hound, a wight and a crimson imp.

Vanquished Creatures
  An orc warrior (D:6)
  2 black bears (D:6)
  A phantom (D:6)
  A necrophage (D:6)
  A wyvern skeleton (D:6)
  A jelly (D:6)
  A howler monkey (D:4)
  4 crimson imps
  A bullfrog zombie (D:6)
  A bullfrog skeleton (D:6)
  A centaur skeleton (D:6)
  Crazy Yiuf (D:2)
  3 iguanas
  Ijyb (D:4)
  4 worker ants
  Robin (D:3)
  4 gnolls (D:6)
  11 adders
  A shadow imp (D:5)
  4 worms (D:2)
  4 dart slugs
  3 leopard geckos
  2 orcs
  3 giant cockroaches
  13 goblins
  7 hobgoblins
  7 kobolds
  4 quokkas
  3 bats
  3 frilled lizards
  24 rats
118 creatures vanquished.

Notes
Turn   | Place    | Note
-------+----------+-------------------------------------------
     0 | D:1      | jamsan the Gargoyle Earth Elementalist began the quest for the Orb.
     0 | D:1      | Reached XP level 1. HP: 10/10 MP: 3/3
   284 | D:1      | Reached skill level 4 in Earth Magic
   284 | D:1      | Reached XP level 2. HP: 6/15 MP: 3/5
  1024 | D:1      | Reached XP level 3. HP: 19/19 MP: 4/6
  1636 | D:2      | Learned a level 3 spell: Stone Arrow
  1648 | D:2      | Reached XP level 4. HP: 24/24 MP: 3/8
  1897 | D:2      | Found a runed door.
  2230 | D:2      | Reached skill level 1 in Conjurations
  2230 | D:2      | Reached skill level 5 in Earth Magic
  2399 | D:2      | Noticed Crazy Yiuf
  2405 | D:2      | Killed Crazy Yiuf
  2405 | D:2      | Reached XP level 5. HP: 26/28 MP: 4/10
  2736 | D:3      | Noticed Robin
  2753 | D:3      | Killed Robin
  3026 | D:3      | Found a glowing golden altar of the Shining One.
  3163 | D:3      | Found an ancient bone altar of Kikubaaqudgha.
  3267 | D:3      | Noticed Grinder
  3865 | D:4      | Reached XP level 6. HP: 32/32 MP: 11/11
  3892 | D:4      | Noticed Ijyb
  3905 | D:4      | Killed Ijyb
  4201 | D:4      | Reached skill level 6 in Earth Magic
  4283 | D:4      | Learned a level 5 spell: Lee's Rapid Deconstruction
  4449 | D:4      | Got an ichor-stained robe
  4512 | D:5      | Entered Level 5 of the Dungeon
  4528 | D:5      | Identified the cursed +1 robe of Vlad {Str+8} (You found it on level 4 of the Dungeon)
  4721 | D:5      | Noticed a sky beast
  4727 | D:5      | Found a deep blue altar of Sif Muna.
  5097 | D:5      | Reached XP level 7. HP: 36/36 MP: 9/13
  5201 | D:5      | Found a shattered altar of Ashenzari.
  5398 | D:6      | Reached skill level 5 in Spellcasting
  5398 | D:6      | Reached skill level 7 in Earth Magic
  5546 | D:6      | Reached XP level 8. HP: 35/41 MP: 10/15
  5630 | D:6      | Reached skill level 5 in Conjurations
  5898 | D:6      | Reached skill level 8 in Earth Magic
  6071 | D:6      | Engulfed by a steam dragon's steam

Vault maps used:
D:1:      noname_arrival_rooms_in_the_neighbourhood
D:2:      uniq_crazy_yiuf_cottage
D:3:      kiku_gazebo_garden_becter, tso_oasis_becter, serial_forest,
          infiniplex_forest_corner_2, infiniplex_forest_lined_corner,
          infiniplex_forest_zigzag_1, infiniplex_forest_clump_C,
          infiniplex_forest_clump_diagonal, infiniplex_forest_clump_long,
          infiniplex_forest_lined_2, infiniplex_forest_straight_3,
          grunt_ministairs_3, uniq_grinder, uniq_robin
D:4:      first_ration, minmay_rat_hole, uniq_ijyb
D:5:      ashenzari_conservatory_becter, gammafunk_temple_overflow_claw,
          basic_altar
D:6:      temple_hall_moat, minmay_joined_circles

Skill      XL: |  1  2  3  4  5  6  7  8 |
---------------+-------------------------+-----
Earth Magic    | 4 5 6 7 8 |  8.0
Spellcasting   | 3 4 5 |  5.8
Conjurations   | 1 2 3 4 5 |  5.7
Fighting       | |  0.1
Staves         | |  0.1
Armour         | |  0.1
Dodging        | |  1.6
Stealth        | |  2.1
Transmutations | |  0.7
Evocations     | |  0.1

Action                   |  1- 3 |  4- 6 |  7- 9 || total
-------------------------+-------+-------+-------++-------
Melee: Unarmed           |    80 |       |       ||    80
       Short sword       |     6 |    17 |       ||    23
       Quarterstaff      |       |   104 |    57 ||   161
Throw: Stone             |    25 |    15 |    11 ||    51
 Cast: Sandblast         |    36 |    22 |     8 ||    66
       Stone Arrow       |       |    10 |    28 ||    38
Evoke: Wand              |       |     6 |       ||     6
  Use: Scroll            |       |     9 |       ||     9
 Stab: Sleeping          |     4 |     2 |       ||     6
       Petrified         |       |       |     6 ||     6
  Eat: Chunk             |     1 |     3 |     1 ||     5
       Ration            |     1 |     2 |     1 ||     4
Armor: Robe              |    23 |    22 |    34 ||    79
       Leather armour    |       |    36 |       ||    36
       Skin              |       |     3 |       ||     3
Dodge: Dodged            |    57 |    87 |    40 ||   184

Table legend:
 A = Spawn XP
 B = Non-spawn XP
 C = Spawn XP percentage of total XP
 D = Spawn monster count
 E = Non-spawn monster count
 F = Spawn count percentage of total count
 G = Total turns spent on level
                    A         B        C        D         E        F      G
               +---------+---------+-------+---------+---------+-------+---------
         Total |       0 |    1851 |   0.0 |       0 |     118 |   0.0 |  6071
               +---------+---------+-------+---------+---------+-------+---------
           D:1 |       0 |      36 |   0.0 |       0 |      20 |   0.0 |  1378
           D:2 |       0 |     148 |   0.0 |       0 |      22 |   0.0 |  1391
           D:3 |       0 |      65 |   0.0 |       0 |      15 |   0.0 |   745
           D:4 |       0 |     265 |   0.0 |       0 |      33 |   0.0 |  1059
           D:5 |       0 |     128 |   0.0 |       0 |       4 |   0.0 |   664
           D:6 |       0 |    1209 |   0.0 |       0 |      24 |   0.0 |   834
               +---------+---------+-------+---------+---------+-------+---------
